 Dungeon Crawl Stone Soup version 0.30-a0-1035-g38d5fb2972 (webtiles) character file.

Game seed: 2321102675043560782

12 DeathPants the Stinger (level 2, -3/22 HPs)
             Began as a Naga Venom Mage on Apr 8, 2023.
             Slain by a gnoll
             ... wielding a +0 spear
              (10 damage)
             ... on level 1 of the Dungeon.
             The game lasted 00:02:41 (371 turns).

DeathPants the Stinger (Naga Venom Mage)             Turns: 371, Time: 00:02:42

Health: -3/22      AC:  1    Str: 10    XL:     2   Next: 33%
Magic:  3/5        EV:  9    Int: 15    God:
Gold:   9          SH:  0    Dex: 11    Spells: 2/5 levels left

rFire   . . .      SeeInvis +    g - +0 spear
rCold   . . .      Faith    .    (no shield)
rNeg    . . .      Spirit   .    a - +0 robe
rPois   +          Reflect  .    (no helmet)
rElec   .          Rampage  .    (no cloak)
rCorr   .                        (no gloves)
Will    .....                    (no barding)
Stlth   ++                       (no amulet)
HPRegen 0.23/turn                (no ring)
MPRegen 0.09/turn                (no ring)

@: very slow
A: AC +0, large, see invisible, deformed body, poison resistance, slowness 2,
spit poison 1, naga tail 1
a: Spit Poison


You were on level 1 of the Dungeon.
You visited 1 branch of the dungeon, and saw 2 of its levels.

You collected 9 gold pieces.

Inventory:

Hand Weapons
 g - a +0 spear (weapon)
Armour
 a - a +0 robe (worn)
Scrolls
 e - a scroll of magic mapping {unknown}
 f - a scroll of blinking {unknown}
 h - a scroll of summoning {unknown}
 i - a scroll of vulnerability {unknown}
Potions
 b - a potion of magic
 c - 2 potions of lignification {unknown}
 d - a potion of might {unknown}


   Skills:
 - Level 1.5 Dodging
 - Level 3.0 Stealth
 + Level 2.4 Spellcasting
 - Level 1.0 Transmutations
 + Level 4.5 Poison Magic


You had 2 spell levels left.
You knew the following spells:

 Your Spells              Type           Power      Damage    Failure   Level
a - Sting                 Tmut/Pois      40%        1d5       7%          1
b - Poisonous Vapours     Pois/Air       16%        N/A       13%         2

Your spell library contained the following spells:

 Spells                   Type           Power      Damage    Failure   Level
 Olgreb's Toxic Radiance  Pois           15%        N/A       32%         4
 Mephitic Cloud           Conj/Pois/Air  6%         N/A       34%         3
 Call Canine Familiar     Summ           1%         N/A       54%         3
 Portal Projectile        Hex/Tloc       2%         N/A       54%         3
 Leda's Liquefaction      Hex/Erth       0%         N/A       91%         4


Dungeon Overview and Level Annotations

Branches:
Dungeon (2/15)

Altars:


Innate Abilities, Weirdness & Mutations

Your serpentine skin is tough. (AC +0)
You have supernaturally acute eyesight. (SInv)
Armour fits poorly on your strangely shaped body.
Your system is resistant to poisons. (rPois)
You cover ground very slowly.
You can spit poison.
You have a snake-like lower body.


Message History

The goblin hits you but does no damage.
Aiming: Sting (safe; 7% risk of failure)
Press: ? - help, Q - select action, (/) - cycle Shift-Dir - straight line, f - goblin
Aim: a goblin, wielding a +0 club (64% to hit)
You miscast Sting.
You are very lightly contaminated with residual magic.
Nothing appears to happen.
The goblin hits you with a +0 club.
Aiming: Sting (safe; 7% risk of failure)
Press: ? - help, Q - select action, (/) - cycle Shift-Dir - straight line, f/p - goblin
Aim: a goblin, wielding a +0 club (64% to hit)
The sting hits the goblin.
The goblin is poisoned.
You kill the goblin!
A gnoll comes into view. It is wielding a +0 spear.
The endoplasm barely misses you. The endoplasm attacks as you move away!
The endoplasm hits you. The endoplasm attacks as you move away!
The endoplasm hits you.
The gnoll hits you from afar with a +0 spear.
The endoplasm barely misses you.
Your magical contamination has completely faded away.
You barely miss the endoplasm.
The gnoll hits you from afar with a +0 spear.
The endoplasm hits you but does no damage.
Aiming: Sting (safe; 7% risk of failure)
Press: ? - help, Q - select action, (/) - cycle Shift-Dir - straight line, f - endoplasm
Aim: an endoplasm (98% to hit)
The sting hits the endoplasm but does no damage.
The endoplasm is poisoned.
The endoplasm barely misses you. The endoplasm hits you.
The gnoll hits you but does no damage. The endoplasm attacks as you move away!
The endoplasm closely misses you.
You see here a bat corpse.
The endoplasm freezes you.
You are frozen.
The gnoll hits you from afar with a +0 spear.
The endoplasm attacks as you move away! The endoplasm barely misses you.
The endoplasm freezes you.
You are frozen.
The gnoll hits you from afar with a +0 spear!
You die...

........# ###.####.##.#.....
........# #.## #... ....
........# #####..###..# .(.# #
........# #...##..##..#.##..#.##
........###...###..#..# ....#..#
...............###.#..####.#..#
...........).#.###.†........).#
.............#.#.Jg...####..#..#
#######....).#.#@###..# #..# ...
#### #......#.#.# ##..# #..# .#
...# #......#.#.# ##....... #
.### #......#.#.# ###....# ...#
##.......#.. ...... ##.#
#....###### #####..#
#.#####....######
##.#....)#.##....#
...+.......##....##.#


You could see a gnoll and an endoplasm (poisoned).

Vanquished Creatures
  A bat (D:1)
  2 endoplasms (D:1)
  2 goblins (D:1)
  A hobgoblin (D:1)
  A quokka (D:1)
  A frilled lizard (D:1)
  2 kobolds (D:1)
  A rat (D:1)
11 creatures vanquished.

Notes
Turn   | Place    | Note
-------+----------+-------------------------------------------
     0 | D:1      | DeathPants the Naga Venom Mage began the quest for the Orb.
     0 | D:1      | Reached XP level 1. HP: 15/15 MP: 3/3
   206 | D:1      | Reached XP level 2. HP: 20/22 MP: 1/5
   209 | D:1      | Learned a level 2 spell: Poisonous Vapours
   371 | D:1      | Slain by a gnoll

Illustrated notes

Levels and vault maps discovered:
D:1:      kennysheep_arrival_seaside, layout_basic,
          ebering_ecumenical_altar_webs, minmay_statues_item,
          minmay_heptomino_d4
D:2:      layout_basic

Action                     || total
---------------------------++-------
  Melee: Spear             ||    14
         Unarmed           ||     3
         Punch             ||     1
   Cast: Sting             ||     8
Ability: Spit Poison       ||     1
 Armour: Robe              ||     7
  Dodge: Dodged            ||    11

Table legend: (Time is in decaauts)
 A = Elapsed time spent in this place.
 B = Non-inter-level travel time spent in this place.
 C = Inter-level travel time spent in this place.
 D = Time resting spent in this place.
 E = Time spent auto-exploring this place.
 F = Levels seen in this place.
 G = Mean time per level.
                   A        B        C        D        E       F      G
               +--------+--------+--------+--------+--------+-----+--------+
         Total |    467 |    467 |      0 |      0 |    337 |   2 |  233.5 |
       Dungeon |    467 |    467 |      0 |      0 |    337 |   2 |  233.5 |
               +--------+--------+--------+--------+--------+-----+--------+

Top non-repeatable levels by time:
     D:1: 466 daAuts
     D:2: 1 daAuts
